 Dungeon Crawl Stone Soup version 0.27.1-34-g3ba077fa99 (webtiles) character file.

Game seed: 14524606518399398971

121820 BoredOne the Warrior (level 17, -18/127 (138) HPs)
             Began as a Djinni Fire Elementalist on Jan 11, 2022.
             Was the Champion of Makhleb.
             Killed from afar by a halazid warlock (56 damage)
             ... with a ghostly fireball
             ... in the Desolation of Salt on Jan 12, 2022.
             The game lasted 02:18:41 (19502 turns).

BoredOne the Warrior (Djinni Fire Elementalist)    Turns: 19502, Time: 02:18:41

HP:   -18/127 (138) AC: 13    Str: 12    XL:     17   Next: 41%
Gold: 519           EV: 23    Int: 35    God:    Makhleb [******] SH:  0 Dex: 26

rFire    + + .     SeeInvis +   A - +2 glaive (flame)
rCold    x . .     Faith    .   (shield currently unavailable)
rNeg     . . .     Spirit   .   l - +0 troll leather armour {Purgy}
rPois    ∞         Reflect  .   u - +1 helmet {SInv}
rElec    .         Harm     .   f - +0 cloak
rCorr    .         Rampage  .   w - +1 pair of gloves {Str+3}
Will     +....                  (boots unavailable)
Stlth    +++.......             k - amulet of regeneration
HPRegen  2.31/turn              L - +6 ring of intelligence
MPRegen  0.00/turn              N - ring "Lixu" {Int+6 Dex+9 SInv Stlth+}

@: about to teleport, death channeling, flying, drained
A: sickness immunity, fire resistance 2, cold vulnerability 1, float, innate
caster, hp casting, extra vitality 1, iridescent scales 1, clever 1, shaggy fur
1, strong 1, noise suppression
a: Renounce Religion, Minor Destruction, Lesser Servant of Makhleb, Major
Destruction, Greater Servant of Makhleb


You were in the Desolation of Salt.
You worshipped Makhleb.
Makhleb was exalted by your worship.
You visited 5 branches of the dungeon, and saw 21 of its levels.
You also visited: Sewer, Bailey, Ice Cave and Desolation.

You collected 2129 gold pieces.
You spent 1610 gold pieces at shops.

Inventory:

Hand Weapons
 A - a +2 glaive of flaming (weapon)
 E - a +2 demon trident of electrocution
 W - a +2 demon blade of venom
Missiles
 g - 7 atropa-tipped darts
Armour
 c - the +1 robe of the Jolly Mouths {+Blink rCorr}
   (You found it on level 2 of the Lair of Beasts)

   +Blink:    It lets you blink.
   rCorr:     It protects you from acid and corrosion.
 f - a +0 cloak (worn)
 l - a +0 troll leather armour (worn) {Purgy}
 u - a +1 helmet of see invisible (worn)
 w - a +1 pair of gloves of strength (worn)
 F - a +2 robe of cold resistance
 S - a +0 cloak of willpower
Jewellery
 k - an amulet of regeneration (around neck)
 q - an amulet of the acrobat
 r - the ring "Ygociul" {rElec rPois Str+2 Int-5 Slay+4}
   (You found it in the Desolation of Salt)

   [ring of slaying]

   Str:       It affects your strength (+2).
   Int:       It affects your intelligence (-5).
   Slay:      It affects your accuracy & damage with ranged weapons and melee
   (+4).
   rElec:     It insulates you from electricity.
   rPois:     It protects you from poison.
 y - an amulet of reflection
 L - a +6 ring of intelligence (left hand)
 M - a ring of protection from cold
 N - the ring "Lixu" (right hand) {Int+6 Dex+9 SInv Stlth+}
   (You found it on level 10 of the Dungeon)

   [ring of intelligence]

   Int:       It affects your intelligence (+6).
   Dex:       It affects your dexterity (+9).
   SInv:      It lets you see invisible.
   Stlth:     It makes you more stealthy.
 O - a ring of ice
 X - the ring "Boturegg" {rN+++ EV+4}
   (You found it on level 1 of the Lair of Beasts)

   [ring of evasion]

   EV:        It affects your evasion (+4).
   rN:        It renders you almost immune to negative energy.
Wands
 o - a wand of digging (4)
 p - a wand of flame (21)
 I - a wand of iceblast (14)
 R - a wand of charming (14)
Scrolls
 d - 2 scrolls of silence
 t - 2 scrolls of fog
 v - 5 scrolls of teleportation
 x - a scroll of enchant armour
 z - 3 scrolls of enchant weapon
 C - 3 scrolls of immolation
 G - a scroll of vulnerability
 P - 2 scrolls of fear
 V - a scroll of summoning
 Z - 2 scrolls of magic mapping
Potions
 a - 3 potions of heal wounds
 e - 2 potions of attraction
 h - 5 potions of curing
 i - 2 potions of cancellation
 j - 2 potions of berserk rage
 m - 5 potions of haste
 n - 9 potions of might
 s - 4 potions of invisibility {unknown}
 B - 2 potions of resistance
 D - 4 potions of magic {unknown}
 H - a potion of lignification
 K - 2 potions of flight {unknown}
 U - 4 potions of mutation
Miscellaneous
 b - a lightning rod (4/4)
 J - a piece from Xom's chessboard (15/15)
 Q - a piece from Xom's chessboard (15/15)
 T - a lightning rod (4/4)


   Skills:
 * Level 17.9 Fighting
 - Level 2.8 Polearms
 - Level 0.6 Bows
 - Level 5.9 Armour
 - Level 12.5 Dodging
 - Level 1.5 Stealth
 * Level 12.7 Spellcasting
 - Level 2.5 Invocations
 - Level 5.0 Evocations


You couldn't memorise any spells.
You knew the following spells:

 Your Spells              Type           Power      Damage    Failure   Level
a - Foxfire               Conj/Fire      100%       2x1d9     0%          1
b - Conjure Flame         Conj/Fire      84%        6-21      1%          3
c - Inner Flame           Hex/Fire       84%        N/A       1%          3
d - Sticky Flame          Conj/Fire      84%        2d10      1%          4
e - Fireball              Conj/Fire      42%        3d17      1%          5
f - Summon Small Mammal   Summ           100%       N/A       0%          1
g - Ensorcelled Hibernat  Hex/Ice        100%       N/A       1%          2
h - Ignite Poison         Fire/Tmut/Pois 84%        N/A       1%          3
i - Summon Guardian Gole  Hex/Summ       84%        N/A       1%          3
j - Olgreb's Toxic Radia  Pois           84%        N/A       1%          4
k - Lee's Rapid Deconstr  Erth           42%        3d21*     1%          5
l - Dispersal             Tloc           42%        N/A       1%          6
m - Death Channel         Necr           42%        N/A       1%          6
Your spell library was empty.

Dungeon Overview and Level Annotations

Branches:
Dungeon (11/15)            Temple (1/1) D:6            Lair (6/6) D:11
  Swamp (0/4) Lair:4       Spider (0/4) Lair:3        Slime (0/5) Lair:5
    Orc (2/2) D:10            Elf (1/3) Orc:2         Sewer (visited)
 Bailey (visited)           IceCv (visited)         Desolation (1/1)

Altars:
Ashenzari
Cheibriados
Dithmenos
Fedhas
Gozag
Kikubaaqudgha
Makhleb
Nemelex Xobeh
Okawaru
Qazlal
Ru
Sif Muna
Trog
Uskayaw
Vehumet
Wu Jian
Xom
Yredelemnul
Zin
The Shining One

Shops:
Orc:2 (*=*

Portals:
Pandemonium: Orc:2


Innate Abilities, Weirdness & Mutations

You are immune to sickness and miasma.
You are immune to poison.
Your flesh is very heat resistant. (rF++)
You are vulnerable to cold. (rC-)
You float through the air rather than walking.
You learn spells naturally, not from books.
Your magical power is your life essence.
You have superior vitality. (+4 HP)
You are partially covered in iridescent scales. (AC +2)
Your mind is acute. (Int +2)
You are covered in fur. (AC +1)
Your muscles are strong. (Str +2)
You passively dampen the noise of your surroundings.


Message History

The spectral imperial myrmidon hits you but does no damage.
The saltling hits you!
* * * LOW HITPOINT WARNING * * *
As you read the scroll of teleportation, it crumbles to dust.
You feel strangely unstable.
The spectral imperial myrmidon completely misses you.
The saltling completely misses you. x2
The spectral imperial myrmidon barely misses you.
Okay, then.
Unknown command.
Casting: Lee's Rapid Deconstruction (mildly dangerous; 1% risk of failure)
Confirm with . or Enter, or press ? or * to list all spells.
Aiming: Lee's Rapid Deconstruction (mildly dangerous; 1% risk of failure)
Press: ? - help, Dir - move target, f - saltling Fragment what (e.g. wall or brittle monster)?: a saltling (summoned)
The saltling shatters!!!
You blow up the saltling!
The saltling dissolves into shadows!
The blast of salt crystal fragments hits the halazid warlock!!
The halazid warlock is severely damaged.
The blast of salt crystal fragments hits the saltling but does no damage.
The blast of salt crystal fragments hits the saltling!!
The saltling is almost destroyed.
* * * LOW HITPOINT WARNING * * *
The saltling misses you. The saltling completely misses you.
The spectral imperial myrmidon hits you but does no damage.
The saltling closely misses you.
The halazid warlock gestures at the saltling while chanting.
The saltling's animating energy erupts into ghostly fire!
The ghostly flame explodes!
The ghostly fireball engulfs the saltling.
The saltling completely resists.
The ghostly fireball engulfs the spectral imperial myrmidon.
The spectral imperial myrmidon completely resists.
The ghostly fireball engulfs the saltling.
The saltling completely resists.
The ghostly fireball engulfs the saltling.
The saltling completely resists.
The ghostly fireball engulfs you!!!
You feel drained.
You die...

,,,,,,,................,,,,,,,,,,
,,,,,,,.................,,,,,,,,,
,,,,,,,......#..........,,,,,,,,,
,,,,,,,.................,,,,,,,,,
,,,,,,,.............p...,,,,,,,,,
,,,,,,,.................,,,,,,,,,
,,,,,,,.......)88.......,,,,,,,,,
,,,,,,,.......a8.88.....,,,,,,,,,
,,,,,,,...a..88Z@.......,,,,,,,,,
,,,,,,,.......L####.....,,,,,,,,,
,,,,**,.....8.##,,*#.8..,,,,,,,,,
,,,,,,.........,,,,,....,,,,,,,,,
,,,,,,.........,,,,,,,,,,,,,,,,,,
,,,,,,......8.#*,,**,8,,,,,,,,,,,
,,,,,,,.......,****,,,,,,,,,,,,,,
,,,,,,,,....,,,,,,,,,,,,,,,,,,**,
,,,,,,,,,,,,,,,8,,8,,,,,,,,,,,,,*


You could see 2 servants of whispers, a halazid warlock, an ironbound convoker
(summoned, fleeing), a spectral imperial myrmidon and 5 saltlings.

Vanquished Creatures
  Saint Roka (Orc:2)
  Gastronok (Lair:1)
  2 imperial myrmidons (Desolation)
  A halazid warlock (Desolation)
  The ghost of PeterMcNeter the Thaumaturge, a journeyman DjCj of Ashenzari (Lair:6)
  The ghost of mistymad the Thaumaturge, a journeyman DgIE (Lair:4)
  Snorg (Lair:3)
  An ettin (Orc:1)
  The ghost of Zaegoraum the Carver, a journeyman DsAK of Lugonu (Lair:4)
  2 servants of whispers (Desolation)
  A ragged hierophant (Desolation)
  Fannar (Orc:1)
  Erolcha (Orc:1)
  9 hydras
  A peacekeeper (Desolation)
  2 boulder beetles
  Erica (Orc:2)
  A two-headed ogre (D:9)
  A catoblepas (Lair:6)
  4 death yaks (Lair:6)
  A deep troll shaman (Lair:6)
  6 orc high priests (Orc:2)
  Nergalle (Lair:4)
  A swamp dragon (Lair:4)
  A torturous demonspawn (Orc:2)
  2 deep elf zephyrmancers (Elf:1)
  2 ironbound convokers (Desolation)
  6 orc knights (Orc:2)
  A lindwurm (Lair:6)
  3 deep elf pyromancers (Elf:1)
  An orb spider (Lair:3)
  3 cyclopes (D:11)
  6 orc sorcerers (Orc:2)
  2 ugly things (IceCv)
  2 guardian serpents (Desolation)
  A manticore (D:11)
  4 black mambas
  A smoke demon (Orc:2)
  15 elephants
  3 ice statues (IceCv)
  13 cane toads
  2 unseen horrors (D:11)
  4 rime drakes
  10 komodo dragons
  2 red devils (Orc:2)
  A hellwing (Orc:2)
  5 trolls
  2 hornets
  15 saltlings (Desolation)
  A slime creature (Lair:5)
  20 blink frogs
  7 dream sheep (Lair:4)
  2 dire elephant simulacra (IceCv)
  A shadow (D:10)
  A ynoxinul (Orc:2)
  A wraith (D:11)
  3 wyverns
  34 yaks
  5 basilisks
  A human (D:7)
  A death yak simulacrum (Orc:1)
  2 harpy simulacra (IceCv)
  A two-headed ogre zombie (D:10)
  2 wargs (Orc:2)
  2 acid dragons
  18 water moccasins
  Purgy (Sewer)
  31 orc warriors
  A black bear (Lair:6)
  10 ogres
  36 wolves
  A necrophage (D:4)
  5 centaurs
  2 kobold brigands (D:10)
  2 phantoms
  5 bullfrogs
  5 scorpions
  2 two-headed ogre simulacra (Orc:1)
  2 cane toad simulacra
  A troll zombie (D:10)
  22 wights
  An elephant simulacrum (IceCv)
  9 killer bees (D:8)
  5 howler monkeys
  2 electric eels (Lair:6)
  A centaur zombie (D:9)
  A human zombie (D:7)
  3 jellies (Lair:5)
  3 hounds
  A gnoll shaman (D:6)
  31 orc priests
  3 iguanas
  19 orc wizards
  A troll simulacrum (Orc:1)
  3 polar bear simulacra (IceCv)
  2 spriggan simulacra (Orc:1)
  2 wolf simulacra
  A killer bee zombie (D:8)
  4 ogre zombies (D:10)
  A howler monkey zombie (D:10)
  21 gnolls
  9 adders
  3 worms
  3 dart slugs
  62 orcs
  6 bats
  8 endoplasms
  6 giant cockroaches
  3 goblins
  15 hobgoblins
  4 jackals (D:4)
  32 kobolds
  8 quokkas
  9 ball pythons
  7 frilled lizards
  A goblin skeleton (D:10)
  A goblin zombie (D:10)
  A hobgoblin skeleton (D:10)
  2 hobgoblin zombies (D:10)
  2 kobold skeletons (D:7)
  6 orc skeletons (D:10)
  10 orc zombies (D:10)
  7 rats
697 creatures vanquished.

Vanquished Creatures (collateral kills)
  A ragged hierophant (Desolation)
  A shadow (D:10)
  Grum (D:10)
  A wolf (D:10)
  A troll zombie (D:10)
  A wight (D:10)
  An ogre zombie (D:10)
  A hobgoblin skeleton (D:10)
  2 orc zombies (D:10)
  A foxfire (Lair:2)
11 creatures vanquished.

Vanquished Creatures (others)
  1035 foxfires
  28 fungi
  52 plants
  6 withered plants (Lair:4)
1121 creatures vanquished.

Grand Total: 1829 creatures vanquished

Notes
Turn   | Place    | Note
-------+----------+-------------------------------------------
     0 | D:1      | BoredOne the Djinni Fire Elementalist began the quest for
                  | the Orb.
     0 | D:1      | Reached XP level 1. HP: 15/15 MP: 0/0
   213 | D:1      | Reached XP level 2. HP: 20/22 MP: 0/0
   214 | D:1      | Reached skill level 1 in Fighting
   793 | D:1      | Reached XP level 3. HP: 24/27 MP: 0/0
   793 | D:1      | Learned a level 1 spell: Summon Small Mammal
  1201 | D:2      | Found a shadowy altar of Dithmenos.
  1458 | D:2      | Reached skill level 2 in Fighting
  1504 | D:2      | Reached XP level 4. HP: 29/33 MP: 0/0
  2338 | D:3      | Reached XP level 5. HP: 37/40 MP: 0/0
  2338 | D:3      | Learned a level 2 spell: Ensorcelled Hibernation
  2339 | D:3      | Found a stormy altar of Qazlal.
  2398 | D:3      | Found a glowing drain.
  2418 | Sewer    | Entered a sewer
  2498 | Sewer    | Noticed Purgy
  2520 | Sewer    | Killed Purgy
  2521 | Sewer    | Reached skill level 3 in Fighting
  2521 | Sewer    | Reached XP level 6. HP: 42/47 MP: 0/0
  2738 | D:3      | Found a glowing silver altar of Zin.
  3492 | D:4      | Reached skill level 4 in Fighting
  3568 | D:4      | Noticed a +0 dagger
  3570 | D:4      | Noticed a +0 hand axe
  3577 | D:4      | Found a hide-covered altar of Uskayaw.
  3677 | D:4      | Reached XP level 7. HP: 53/53 MP: 0/0
  3677 | D:4      | Learned a level 3 spell: Ignite Poison
  3880 | D:4      | Reached skill level 5 in Fighting
  3933 | D:4      | Found an ornate altar of the Wu Jian Council.
  4203 | D:5      | Entered Level 5 of the Dungeon
  4270 | D:5      | Reached skill level 5 in Spellcasting
  4270 | D:5      | Reached XP level 8. HP: 60/60 MP: 0/0
  4512 | D:5      | Reached skill level 6 in Fighting
  4682 | D:6      | Found a sparkling altar of Nemelex Xobeh.
  4875 | D:6      | Found a staircase to the Ecumenical Temple.
  4884 | Temple   | Entered the Ecumenical Temple
  5139 | Temple   | Became a worshipper of Makhleb the Destroyer
  6072 | D:7      | Reached skill level 1 in Polearms
  6080 | D:7      | Reached XP level 9. HP: 67/67 MP: 0/0
  6080 | D:7      | Learned a level 3 spell: Summon Guardian Golem
  6102 | D:7      | Reached skill level 7 in Fighting
  6422 | D:7      | Found a runed translucent door.
  6437 | D:7      | Found a basalt altar of Yredelemnul.
  6847 | D:7      | Found a sacrificial altar of Ru.
  7066 | D:8      | Reached * piety under Makhleb
  7091 | D:8      | Reached skill level 8 in Fighting
  7387 | D:8      | Reached XP level 10. HP: 77/77 MP: 0/0
  7584 | D:8      | Reached skill level 5 in Dodging
  7726 | D:8      | Reached skill level 9 in Fighting
  8002 | D:9      | Noticed a boulder beetle
  8044 | D:8      | Killed a boulder beetle
  8300 | D:9      | Reached ** piety under Makhleb
  8525 | D:9      | Noticed a two-headed ogre
  8550 | D:9      | Killed a two-headed ogre
  8551 | D:9      | Reached XP level 11. HP: 68/85 MP: 0/0
  8551 | D:9      | Learned a level 4 spell: Olgreb's Toxic Radiance
  8558 | D:9      | Reached skill level 10 in Fighting
  8661 | D:10     | Entered Level 10 of the Dungeon
  8669 | D:10     | Identified the ring "Lixu" {Int+6 Dex+9 SInv Stlth+}
  8945 | D:10     | Found a staircase to the Orcish Mines.
  8962 | D:10     | Reached *** piety under Makhleb
  8982 | D:10     | Noticed Grum
  9002 | D:10     | Killed Grum
  9245 | D:10     | Reached **** piety under Makhleb
  9699 | D:11     | Reached skill level 11 in Fighting
  9780 | D:11     | Noticed a manticore
  9827 | D:11     | Noticed a cyclops
  9832 | D:11     | Noticed a cyclops
  9834 | D:11     | Killed a cyclops
  9872 | D:11     | Killed a manticore
  9876 | D:11     | Killed a cyclops
  9944 | D:11     | Noticed a cyclops
  9948 | D:11     | Killed a cyclops
  9949 | D:11     | Reached XP level 12. HP: 78/94 MP: 0/0
 10004 | D:11     | Noticed a boulder beetle
 10025 | D:11     | Killed a boulder beetle
 10033 | D:11     | Reached skill level 12 in Fighting
 10094 | D:11     | Found a staircase to the Lair.
 10103 | D:11     | Gained mutation: You are covered in fur. (AC +1) [potion of
                  | mutation]
 10103 | D:11     | Gained mutation: You expend health (3 HP) to strengthen
                  | your wands. [potion of mutation]
 10103 | D:11     | Gained mutation: You are agile. (Dex +2) [potion of
                  | mutation]
 10104 | D:11     | Lost mutation: You expend health (3 HP) to strengthen your
                  | wands. [potion of mutation]
 10104 | D:11     | Lost mutation: You are agile. (Dex +2) [potion of mutation]
 10104 | D:11     | Gained mutation: Your muscles are strong. (Str +2) [potion
                  | of mutation]
 10104 | D:11     | Gained mutation: Your mind is acute. (Int +2) [potion of
                  | mutation]
 10104 | D:11     | Gained mutation: You passively dampen the noise of your
                  | surroundings. [potion of mutation]
 10104 | D:11     | Gained mutation: You are partially covered in iridescent
                  | scales. (AC +2) [potion of mutation]
 10385 | Lair:1   | Entered Level 1 of the Lair of Beasts
 10385 | Lair:1   | Noticed Gastronok
 10398 | Lair:1   | Killed Gastronok
 10399 | Lair:1   | Reached skill level 10 in Spellcasting
 10399 | Lair:1   | Reached skill level 1 in Invocations
 10519 | Lair:1   | Noticed an eight-headed hydra
 10527 | Lair:1   | Killed an eight-headed hydra
 10530 | Lair:1   | Noticed a five-headed hydra
 10539 | Lair:1   | Killed a five-headed hydra
 10718 | Lair:1   | Identified the ring "Boturegg" {rN+++ EV+4}
 11416 | Lair:2   | Reached XP level 13. HP: 100/102 MP: 0/0
 11416 | Lair:2   | Learned a level 5 spell: Lee's Rapid Deconstruction
 11456 | Lair:2   | Reached skill level 1 in Evocations
 11647 | Lair:2   | Reached ***** piety under Makhleb
 11688 | Lair:2   | Identified the +1 robe of the Jolly Mouths {+Blink rCorr}
 11695 | Lair:2   | Reached skill level 13 in Fighting
 12753 | Lair:3   | Found a hole to the Spider Nest.
 12781 | Lair:3   | Noticed Snorg
 12787 | Lair:3   | Killed Snorg
 13508 | Lair:4   | Reached skill level 10 in Dodging
 13576 | Lair:4   | Found a runed translucent gate.
 13576 | Lair:4   | Found a runed translucent gate.
 13576 | Lair:4   | Found a runed translucent gate.
 13577 | Lair:4   | Noticed Zaegoraum's ghost (journeyman DsAK)
 13578 | Lair:4   | Noticed mistymad's ghost (journeyman DgIE)
 13597 | Lair:4   | Noticed Nergalle
 13602 | Lair:4   | Killed Nergalle
 13603 | Lair:4   | Reached XP level 14. HP: 105/111 MP: 0/0
 13605 | Lair:4   | Reached skill level 14 in Fighting
 14003 | Lair:4   | Found a staircase to the Swamp.
 14039 | Lair:4   | Reached skill level 5 in Evocations
 14277 | Lair:4   | Killed mistymad's ghost
 14278 | Lair:4   | Killed Zaegoraum's ghost
 14613 | Lair:5   | Reached skill level 15 in Fighting
 14628 | Lair:5   | Found a staircase to the Slime Pits.
 15109 | Lair:6   | Entered Level 6 of the Lair of Beasts
 15254 | Lair:6   | Reached ****** piety under Makhleb
 15689 | Lair:6   | Reached XP level 15. HP: 121/121 MP: 0/0
 15689 | Lair:6   | Learned a level 6 spell: Dispersal
 15810 | Lair:6   | Reached skill level 16 in Fighting
 16203 | Lair:6   | Found a runed translucent door.
 16204 | Lair:6   | Noticed PeterMcNeter's ghost (journeyman DjCj)
 16266 | Lair:6   | Killed PeterMcNeter's ghost
 16735 | Orc:1    | Entered Level 1 of the Orcish Mines
 16738 | Orc:1    | Noticed Fannar
 16742 | Orc:1    | Killed Fannar
 16746 | Orc:1    | Noticed Erica
 16772 | Orc:1    | Found a frozen archway.
 16781 | Orc:1    | Noticed Erolcha
 16788 | Orc:1    | Killed Erolcha
 16812 | IceCv    | Entered an ice cave
 16961 | IceCv    | Identified the +5 arbalest of the Distant Future {elec, rF-
                  | Dex+3 SInv}
 17194 | IceCv    | Identified the +7 broad axe "Leni" {speed, Contam rElec
                  | Will+ Dex+3}
 17304 | Orc:1    | Found a flagged portal.
 17348 | Bailey   | Entered a bailey
 17561 | Bailey   | Reached skill level 5 in Armour
 17561 | Bailey   | Reached XP level 16. HP: 129/129 MP: 0/0
 17952 | Orc:2    | Entered Level 2 of the Orcish Mines
 18060 | Orc:2    | Found a staircase to the Elven Halls.
 18224 | Orc:2    | Found Litwoycw's General Store.
 18225 | Orc:2    | Found Taunoxzuma's General Store.
 18284 | Orc:2    | Bought a scroll of silence for 112 gold pieces
 18284 | Orc:2    | Bought a scroll of identify for 30 gold pieces
 18284 | Orc:2    | Bought a potion of haste for 150 gold pieces
 18284 | Orc:2    | Bought a scroll of teleportation for 45 gold pieces
 18284 | Orc:2    | Bought a potion of might for 60 gold pieces
 18284 | Orc:2    | Bought a scroll of vulnerability for 112 gold pieces
 18284 | Orc:2    | Bought a scroll of fear for 52 gold pieces
 18286 | Orc:2    | Bought a potion of mutation for 128 gold pieces
 18286 | Orc:2    | Bought a potion of degeneration for 16 gold pieces
 18286 | Orc:2    | Bought a potion of heal wounds for 80 gold pieces
 18354 | Orc:2    | Noticed Saint Roka
 18366 | Orc:2    | Killed Saint Roka
 18391 | Orc:2    | Killed Erica
 18392 | Orc:2    | Reached skill level 17 in Fighting
 18927 | Orc:2    | Reached XP level 17. HP: 134/136 MP: 0/0
 18927 | Orc:2    | Learned a level 6 spell: Death Channel
 19054 | Orc:2    | Found Bedewkou's Antique Weapon Emporium.
 19054 | Orc:2    | Found Goomm's Jewellery Shoppe.
 19054 | Orc:2    | Found a one-way gate leading to the halls of Pandemonium.
 19064 | Orc:2    | Bought a ring of protection from cold for 375 gold pieces
 19064 | Orc:2    | Bought an amulet of regeneration for 450 gold pieces
 19176 | Elf:1    | Entered Level 1 of the Elven Halls
 19236 | Elf:1    | Found a crumbling gateway.
 19259 | Desolati | Entered the Desolation of Salt
 19386 | Desolati | Found the +4 Cigotuvi's embrace {rMiasma Drain rN+}
 19404 | Desolati | Identified the ring "Ygociul" {rElec rPois Str+2 Int-5
                  | Slay+4}
 19490 | Desolati | Identified the ring of Jeom {Contam rC- Int+4 Slay+4 SInv}
 19502 | Desolati | Killed from afar by a halazid warlock

Illustrated notes

Levels and vault maps discovered:
D:1:      onia_arrival_handbag, layout_basic, minivault_5,
          chequers_serial_rivers_micro_b, minmay_misc_feat_encased,
          minmay_tetromino_l2
D:2:      minmay_alternating_diamond, layout_basic, basic_altar,
          supply_closet_lemuel, mrwooster_statue_mirror
D:3:      layout_basic, lemuel_doored_altar, amcnicky_altar_gilded,
          gup_sewer_entry_pipe, grunt_decor_one_mirror, grunt_ministairs_14,
          minivault_23, kennysheep_generic_room_10
D:4:      layout_rooms, nicolae_wu_jian_wuxing_cycle, dancing_weapons_uskayaw,
          minmay_checkerbox
D:5:      layout_cave_pods, mainiacjoe_overflow_big_doors,
          minmay_misc_feat_enclosed, sigmund_army
D:6:      layout_loops_corners, mainiacjoe_overflow_chevrons,
          minmay_temple_entry_gardened_gates
D:7:      layout_loops_ring, nicolae_ru_the_path_less_chosen,
          dk_yredelemnul_ordeal
D:8:      layout_loops_ring, kennysheep_potato
D:9:      layout_basic
D:10:     layout_small_grid, zombieorc2_lemuel, corner_web_ring,
          minmay_unpleasant_kobolds, uniq_grum
D:11:     layout_roguey, minmay_lair_entry_grove, nrook_mini_vaults,
          hellmonk_bongcloud_opening
Temple:   oiseaux_autumnal_temple
Lair:1:   layout_long_grid, grunt_megastairs_4, lemuel_fruit_tree,
          uniq_gastronok
Lair:2:   layout_layer_cave, grunt_forest_large_clearings
Lair:3:   layout_cave_pods, nicolae_spider_entry_orb_guardian, uniq_snorg
Lair:4:   layout_long_grid, minmay_swamp_entry_reptiles,
          gammafunk_ghost_cemetery, columned_hall_lemuel, grunt_megastairs_5,
          uniq_nergalle
Lair:5:   layout_misc_corridors, minmay_slime_entry_pillars
Lair:6:   grunt_lair_end_beastmaster, layout_regular_city,
          ebering_ghost_inner_flame, serial_bayou, serial_bayou_pond_e,
          serial_bayou_ford_a, serial_bayou_pond_c, serial_bayou_pond_d,
          nicolae_quartered_pool_super, serial_bayou_shore_a
Orc:1:    layout_caves, enter_bailey_8, portal_ice_cave_entry_ice_simulacra,
          uniq_fannar, uniq_erolcha, uniq_erica
Orc:2:    pf_orc_diabolical, layout_caves, uniq_saint_roka
Elf:1:    elf_arrival_002, layout_loops_corners,
          portal_desolation_entry_nicolae_slug, enter_trove_3,
          hangedman_elven_crosses_minicolossus
Desolation

Skill      XL: |  1  2  3  4  5  6  7  8  9 10 11 12 13 14 15 16 |
---------------+-------------------------------------------------+-----
Fighting       | 1 2 3 4 5 6 8 9 11 12 13 15 16 17 | 17.9
Spellcasting   | 3 4 5 6 8 9 10 11 12 | 12.7
Polearms       | 1 2 |  2.8
Dodging        | 4 6 7 9 10 12 | 12.5
Invocations    | 2 |  2.5
Evocations     | 4 5 |  5.0
Armour         | 5 |  5.9
Bows           | |  0.6
Stealth        | |  1.5

Action                   |  1- 3 |  4- 6 |  7- 9 | 10-12 | 13-15 | 16-18 || total
-------------------------+-------+-------+-------+-------+-------+-------++-------
Melee: Hand axe          |    10 |    10 |    10 |       |       |       ||    30
       Morningstar       |       |       |     1 |       |       |       ||     1
       Glaive            |       |       |    37 |    76 |    29 |    18 ||   160
 Fire: Shortbow          |       |       |     3 |       |       |       ||     3
 Cast: Foxfire           |    48 |   124 |   218 |   241 |    12 |     3 ||   646
       Conjure Flame     |       |       |     5 |    11 |       |       ||    16
       Summon Small Mamm |       |       |     3 |    13 |     2 |       ||    18
       Sticky Flame      |       |       |    10 |    26 |     5 |     3 ||    44
       Fireball          |       |       |       |    68 |   173 |    20 ||   261
       Ignite Poison     |       |       |       |     4 |    67 |    54 ||   125
       Olgreb's Toxic Ra |       |       |       |     4 |    54 |    38 ||    96
       Lee's Rapid Decon |       |       |       |       |    15 |    43 ||    58
       Dispersal         |       |       |       |       |     1 |       ||     1
       Death Channel     |       |       |       |       |       |     4 ||     4
Evoke: Wand              |       |       |       |     1 |       |       ||     1
  Use: Scroll            |       |     4 |     9 |     6 |     4 |     6 ||    29
       Potion            |       |       |     2 |     6 |     1 |       ||     9
 Stab: Distracted        |       |       |     1 |       |       |       ||     1
       Sleeping          |       |       |       |       |       |     1 ||     1
Armor: Ring mail         |     3 |       |       |       |       |       ||     3
       Robe              |       |     1 |       |       |     1 |       ||     2
       Troll leather arm |       |     6 |    21 |    19 |    19 |    14 ||    79
Dodge: Dodged            |     8 |    20 |    65 |   107 |    40 |    62 ||   302
Block: Other             |       |       |    17 |    31 |    16 |     8 ||    72
       Reflection        |       |       |       |     3 |       |       ||     3
